AoeStats
← [PSCH] R!ce

African Clearing

506934286Analyzed
2v2 RM · 17d ago on Sep 15, 2026· 52m 21s· 4 players
Game mode
Random Map
Map size
Medium (4 player)
Population
200
Speed
Normal
Resources
Standard
Victory
Conquest
Starting age
Dark Age
Ending age
Imperial Age
RankedLock teamsTeams togetherTeam positionsShared explorationLock speedFull tech treeHidden civsTurbo modeCheats
Victory
Defeat
🇨🇭 Wei · Switzerland
1462
+17
🇨🇭 Mongols · Switzerland
1457
+18
🇺🇦 Italians · Ukraine
1514
-18
🇺🇦 Magyars · Ukraine
1490
-17
[PSCH] R!ce
9:01 Loom
12:28 Feudal Age
12:59 Double-Bit Axe
12:57 Horse Collar
19:04 Wheelbarrow
21:41 Castle Age
20:39 Bloodlines
20:47 Scale Barding Armor
21:42 Forging
26:03 Bow Saw
27:14 Chain Barding Armor
32:51 Heavy Plow
34:13 Husbandry
37:54 Hand Cart
43:48 Imperial Age
44:25 Heavy Hei Guang Cavalry
46:15 Iron Casting
46:56 Ming Guang Armor
47:45 Masonry
47:29 Fletching
[PSCH] wolverito
5:08 Loom
12:46 Feudal Age
16:50 Castle Age
15:41 Double-Bit Axe
16:12 Fletching
18:59 Bow Saw
22:07 Bodkin Arrow
26:54 Padded Archer Armor
29:47 Wheelbarrow
30:47 Leather Archer Armor
30:05 Elite Skirmisher
31:59 Horse Collar
37:47 Imperial Age
36:06 Ballistics
37:03 Heavy Plow
39:04 Bracer
40:15 Chemistry
41:44 Conscription
42:29 Gold Mining
42:30 Stone Mining
43:31 Parthian Tactics
45:21 Elite Mangudai
48:29 Bloodlines
48:21 Husbandry
49:32 Nomads
50:23 Light Cavalry
_stranikk_
6:15 Loom
14:03 Feudal Age
17:57 Castle Age
17:01 Fletching
17:24 Double-Bit Axe
19:44 Bow Saw
23:49 Fishing Lines
26:08 Bodkin Arrow
29:12 Padded Archer Armor
31:31 Ballistics
34:14 Scale Barding Armor
34:15 Husbandry
35:53 Bloodlines
36:20 Chain Barding Armor
37:56 Gold Mining
41:16 Imperial Age
38:45 Stone Mining
38:54 Gillnets
39:05 Pikeman
41:08 Wheelbarrow
40:18 Town Watch
42:34 Plate Barding Armor
42:41 Corvinian Army
42:15 Elite Magyar Huszar
44:08 Horse Collar
45:39 Wheelbarrow
46:13 Conscription
47:27 Masonry
47:35 Heavy Plow
47:23 Halberdier
50:02 Hoardings
51:08 Two-Man Saw
52:21 Hand Cart
Rude Unhinged POS
11:49 Loom
14:26 Feudal Age
15:21 Double-Bit Axe
17:58 Castle Age
17:04 Gold Mining
17:14 Fletching
20:34 Bow Saw
21:33 Bodkin Arrow
23:12 Stone Mining
25:02 Padded Archer Armor
26:05 Ballistics
28:11 Leather Archer Armor
30:08 Town Watch
30:59 Wheelbarrow
31:34 Fishing Lines
32:19 Gillnets
34:26 Horse Collar
39:29 Imperial Age
37:17 Thumb Ring
38:56 Masonry
39:01 Scale Barding Armor
39:06 Forging
40:08 Bloodlines
39:58 Husbandry
40:18 Bracer
41:20 Chemistry
41:32 Light Cavalry
42:34 Chain Barding Armor
42:49 Iron Casting
46:15 Plate Barding Armor
46:40 Blast Furnace
46:28 Ring Archer Armor
47:38 Blast Furnace
47:08 Ring Archer Armor
47:26 Conscription
48:47 Hussar
51:29 Elite Skirmisher
Connection lost

Rejoining the realm…

Still unreachable

The connection could not be restored.

Session expired

The server has moved on; the page needs a fresh start.